 Dungeon Crawl Stone Soup version 0.25.1-2-g60ff931df9 (webtiles) character file.

Game seed: 9279573238494416053

37 Descartes the Sneak (level 3, -1/17 HPs)
             Began as a Felid Fighter on Nov 8, 2020.
             Slain by a leopard gecko (5 damage)
             ... on level 2 of the Dungeon.
             The game lasted 00:02:50 (1079 turns).

Descartes the Sneak (Felid Fighter)                 Turns: 1079, Time: 00:02:51

Health: -1/17      AC:  1    Str: 13    XL:     3   Next: 23%
Magic:  4/4        EV: 19    Int:  9    God:
Gold:   53         SH:  0    Dex: 15    Spells: 2/2 levels left
                                        Lives:  0   Deaths: 0

rFire    . . .     SeeInvis +     - Unarmed
rCold    . . .     Gourm    .   (shield unavailable)
rNeg     . . .     Faith    .   (armour unavailable)
rPois    .         Spirit   .   (helmet unavailable)
rElec    .         Reflect  .   (cloak unavailable)
rCorr    .         Harm     .   (gloves unavailable)
MR       .....                  (boots unavailable)
Stlth    +++.......             (no amulet)
HPRegen  0.05/turn              (no ring)
MPRegen  0.09/turn              (no ring)

@: quick
A: very small, no armour, no weapons or thrown items, stealth, claws 1, fangs 3,
see invisible, carnivore, speed 1, shaggy fur 1, slow metabolism 1, sharp paws
a: no special abilities


You were on level 2 of the Dungeon.
You were completely stuffed.

You visited 1 branch of the dungeon, and saw 2 of its levels.

You collected 53 gold pieces.

Inventory:

Missiles
 h - 33 stones
Jewellery
 d - an uncursed ring of ice {unknown}
Scrolls
 c - 3 scrolls of enchant armour {unknown}
 e - a scroll of magic mapping {unknown}
Potions
 a - a potion of might
 g - a potion of flight {unknown}
Comestibles
 b - 4 rations
 f - a chunk of flesh


   Skills:
 - Level 3.0 Fighting
 - Level 4.0 Dodging
 + Level 4.4 Stealth
 - Level 4.0 Unarmed Combat


You had 2 spell levels left.
You didn't know any spells.
Your spell library was empty.

Dungeon Overview and Level Annotations

Branches:
Dungeon (2/15)

Altars:
Okawaru


Innate Abilities, Weirdness & Mutations

You cannot wear armour.
You are incapable of wielding weapons or throwing items.
Your paws allow you to move quietly. (Stealth)
You have sharp claws.
You have razor-sharp teeth.
You have supernaturally acute eyesight. (SInv)
You are carnivorous and can eat meat at any time.
You cover ground quickly.
You are covered in fur. (AC +1)
You have a slow metabolism.
Your sharp claws are effective at attacking unaware monsters.


Message History

The worm is lightly wounded.
The worm barely misses you.
You claw the worm!
The worm is heavily wounded.
You scratch the worm.
The worm is heavily wounded.
You claw the worm!
The worm is almost dead.
The worm bites you!
Ouch! That really hurt!
* * * LOW HITPOINT WARNING * * *
You scratch the worm.
You kill the worm!
You scratch the leopard gecko.
The leopard gecko is heavily wounded.
The leopard gecko barely misses you.
You closely miss the leopard gecko. Your bite misses the leopard gecko.
The leopard gecko is heavily wounded.
The leopard gecko bites you.
You die...

................†...÷.......#
.................[..........#
............................#
.........###†######.........#
.........# #.# #.........#
.........# #.# #......!..#
......(..# #.# #.$.......#
#.######.........#
#....@l........%..#
########..........#
#...........# #........##.#
#.l......# .# #........#
#........# .........#
....#######


You could see a leopard gecko.

Vanquished Creatures
  An ooze (D:1)
  A worm (D:2)
  A dart slug (D:1)
  3 leopard geckos
  4 bats
  3 giant cockroaches
  2 goblins (D:1)
  3 hobgoblins (D:1)
  2 frilled lizards (D:1)
  A kobold (D:2)
  4 rats
25 creatures vanquished.

Notes
Turn   | Place    | Note
-------+----------+-------------------------------------------
     0 | D:1      | Descartes the Felid Fighter began the quest for the Orb.
     0 | D:1      | Reached XP level 1. HP: 10/10 MP: 2/2
    24 | D:1      | Reached skill level 1 in Stealth
   151 | D:1      | Found an iron altar of Okawaru.
   234 | D:1      | Reached XP level 2. HP: 7/14 MP: 3/3
   916 | D:2      | Reached XP level 3. HP: 11/17 MP: 4/4
  1079 | D:2      | Slain by a leopard gecko

Illustrated notes

Levels and vault maps discovered:
D:1:      minmay_arrival_cross, layout_rooms, okawaru_ov_weapons_minmay
D:2:      layout_basic, first_ration

Skill      XL: |  1  2 |
---------------+-------+-----
Stealth        | 2 4 |  4.4
Fighting       | |  3.0
Dodging        | |  4.0
Unarmed Combat | |  4.0

Action                   || total
-------------------------++-------
Melee: Unarmed           ||    85
       Punch             ||     2
       Bite              ||     6
 Stab: Sleeping          ||     4
  Eat: Chunk             ||     8
Armor: Skin              ||     6
Dodge: Dodged            ||    74
